 Dungeon Crawl Stone Soup version 0.29-a0-512-gf59ac788ac (webtiles) character file.

Game seed: 11990160078436416606

485 chopper the Covered (level 6, -4/55 HPs)
             Began as a Minotaur Fighter on May 30, 2022.
             Slain by Duvessa
             ... wielding a +0 short sword
              (5 damage)
             ... on level 4 of the Dungeon.
             The game lasted 00:16:04 (3594 turns).

chopper the Covered (Minotaur Fighter)              Turns: 3594, Time: 00:16:04

Health: -4/55      AC: 12    Str: 22    XL:     6   Next: 88%
Magic:  5/5        EV:  8    Int:  5    God:
Gold:   242        SH:  5    Dex: 10    Spells: 5/5 levels left

rFire   . . .      SeeInvis .   a - +0 war axe
rCold   . . .      Faith    .   c - +0 buckler
rNeg    . . .      Spirit   .   l - +0 chain mail
rPois   .          Reflect  .   (helmet restricted)
rElec   .          Harm     .   h - +0 cloak
rCorr   .          Rampage  .   m - +0 pair of gloves
Will    .....                   (no boots)
Stlth   ..........              (no amulet)
HPRegen 0.18/turn               (no ring)
MPRegen 0.09/turn               (no ring)

@: lethally poisoned (-4 -> -17)
A: horns 2, retaliatory headbutt
a: no special abilities


You were on level 4 of the Dungeon.
You visited 1 branch of the dungeon, and saw 4 of its levels.

You collected 242 gold pieces.

Inventory:

Hand Weapons
 a - a +0 war axe (weapon)
Missiles
 f - 3 boomerangs (quivered)
 q - 2 javelins
Armour
 c - a +0 buckler (worn)
 h - a +0 cloak (worn)
 l - a +0 chain mail (worn)
 m - a +0 pair of gloves (worn)
Wands
 t - a wand of polymorph (8)
Scrolls
 e - 3 scrolls of identify
 g - 2 scrolls of enchant weapon
 o - a scroll of enchant armour {unknown}
 p - a scroll of silence {unknown}
 u - a scroll of teleportation {unknown}
Potions
 b - a potion of haste {unknown}
 d - 3 potions of might
 i - a potion of mutation {unknown}
 j - 2 potions of curing
 k - 2 potions of ambrosia {unknown}
 n - a potion of flight {unknown}
 r - 2 potions of heal wounds {unknown}
 s - a potion of cancellation {unknown}


   Skills:
 + Level 4.9 Fighting
 + Level 5.4 Axes
 + Level 5.9 Armour
 + Level 0.9 Dodging
 + Level 5.3 Shields


You had 5 spell levels left.
You didn't know any spells.
Your spell library was empty.

Dungeon Overview and Level Annotations

Branches:
Dungeon (4/15)
 Temple: D:4-7

Altars:
Ashenzari
Uskayaw

Annotations:
D:4 Dowan, Duvessa


Innate Abilities, Weirdness & Mutations

You have a pair of horns on your head.
You reflexively headbutt those who attack you in melee.


Message History

Duvessa hits you but does no damage. Dowan gestures at you while chanting.
You resist with some effort.
You hit Dowan. You headbutt Dowan.
Dowan is severely wounded.
You hit Duvessa but do no damage.
You feel very sick.
Duvessa says, "When magic and the sword combine, nothing stands against them."
Duvessa hits you with a +0 short sword.
Dowan hits you with a +1 dagger of venom.
You are more poisoned.
Duvessa hits you with a +0 short sword. Dowan barely misses you.
You barely miss Duvessa. You headbutt Duvessa!
Duvessa is moderately wounded.
You hit Dowan.
You feel very sick. Duvessa hits you with a +0 short sword!
* * * LOW HITPOINT WARNING * * *
You block Dowan's attack.
You hit Duvessa but do no damage.
Duvessa is moderately wounded.
You closely miss Dowan.
* * * LOW HITPOINT WARNING * * *
You feel very sick. Duvessa barely misses you.
Dowan hits you with a +1 dagger of venom.
* * * LOW HITPOINT WARNING * * *
You are more poisoned.
As you read the scroll labelled ABRUIPRACLI, it crumbles to dust.
It is a scroll of identify.
g - 2 scrolls of enchant weapon
* * * LOW HITPOINT WARNING * * *
You feel very sick. Duvessa hits you but does no damage.
You block Dowan's attack.
As you read the scroll of identify, it crumbles to dust.
j - 2 potions of curing
* * * LOW HITPOINT WARNING * * *
You feel very sick. Duvessa hits you with a +0 short sword.
You die...

####### ##.....### ####
### # ........># #..#
...#.. ....(....# #..#
...... .........#
#..####...... .........#
#..##........ #....#####
#..#.e....... #....#
#..†.@e...... .....#
#..#.........
....########..##.......#
....# #...##..###.....##
....# #....#........###
.<..# #............##
...## #......###...#
...# #.<.....#....# ...
...# #...........## ...


You could see Duvessa and Dowan.

Vanquished Creatures
  Grinder (D:4)
  A necrophage (D:4)
  A hound (D:4)
  2 iguanas (D:4)
  2 orc wizards
  2 adders
  A worm (D:4)
  4 dart slugs
  10 orcs
  A bat (D:3)
  3 endoplasms
  4 giant cockroaches
  5 goblins
  3 hobgoblins
  5 kobolds
  A quokka (D:2)
  6 ball pythons
  3 frilled lizards (D:2)
  5 rats
60 creatures vanquished.

Vanquished Creatures (others)
  14 plants (D:3)
14 creatures vanquished.

Grand Total: 74 creatures vanquished

Notes
Turn   | Place    | Note
-------+----------+-------------------------------------------
     0 | D:1      | chopper the Minotaur Fighter began the quest for the Orb.
     0 | D:1      | Reached XP level 1. HP: 19/19 MP: 0/0
   402 | D:1      | Reached XP level 2. HP: 14/27 MP: 1/1
  1075 | D:2      | Reached XP level 3. HP: 33/33 MP: 2/2
  1593 | D:3      | Found a faded altar of an unknown god.
  1878 | D:3      | Reached XP level 4. HP: 21/40 MP: 3/3
  2483 | D:3      | Found a broken altar of Ashenzari.
  2578 | D:4      | Noticed Grinder
  2581 | D:4      | Paralysed by Grinder for 3 turns
  2587 | D:4      | Paralysed by Grinder for 5 turns
  2601 | D:4      | Killed Grinder
  2602 | D:4      | Reached skill level 5 in Axes
  2602 | D:4      | Reached skill level 5 in Armour
  2602 | D:4      | Reached XP level 5. HP: 4/47 MP: 4/4
  2602 | D:4      | Reached XP level 6. HP: 4/53 MP: 5/5
  3008 | D:4      | Found a hide-covered altar of Uskayaw.
  3027 | D:4      | Reached skill level 5 in Shields
  3583 | D:4      | Noticed Dowan
  3583 | D:4      | Noticed Duvessa
  3594 | D:4      | HP: 1/55 [poisoned by Dowan]
  3594 | D:4      | Slain by Duvessa

Illustrated notes

Levels and vault maps discovered:
D:1:      ebering_trefoil_twist, layout_rooms, minmay_pentomino_q4
D:2:      layout_loops_ring, minmay_3d_cube
D:3:      layout_loops_ring, lemuel_coloured_pillars_altar,
          ebering_ecumenical_altar_mist, serial_bayou_lagoon_b
D:4:      layout_cave_pods, kennysheep_mini,
          mainiacjoe_overflow_small_starburst, minmay_door_square, uniq_duvessa,
          uniq_grinder

Skill      XL: |  1  2  3  4  5  6 |
---------------+-------------------+-----
Shields        | 4 5 |  5.3
Armour         | 4 5 |  5.9
Axes           | 3 5 |  5.4
Fighting       | 4 |  4.9
Dodging        | |  0.9

Action                   |  1- 3 |  4- 6 || total
-------------------------+-------+-------++-------
Melee: War axe           |    83 |    71 ||   154
       Headbutt          |     8 |    15 ||    23
Throw: Boomerang         |       |     1 ||     1
  Use: Scroll            |       |     2 ||     2
Armor: Scale mail        |    17 |       ||    17
       Chain mail        |    44 |    38 ||    82
Dodge: Dodged            |    45 |    25 ||    70
Block: Buckler           |    22 |     8 ||    30

Table legend: (Time is in decaauts)
 A = Elapsed time spent in this place.
 B = Non-inter-level travel time spent in this place.
 C = Inter-level travel time spent in this place.
 D = Time resting spent in this place.
 E = Time spent auto-exploring this place.
 F = Levels seen in this place.
 G = Mean time per level.
                   A        B        C        D        E       F      G
               +--------+--------+--------+--------+--------+-----+--------+
         Total |   3663 |   3663 |      0 |    662 |      0 |   4 |  915.8 |
       Dungeon |   3663 |   3663 |      0 |    662 |      0 |   4 |  915.8 |
               +--------+--------+--------+--------+--------+-----+--------+

Top non-repeatable levels by time:
     D:4: 1033 daAuts
     D:3: 1012 daAuts
     D:2: 811 daAuts
     D:1: 805 daAuts
